Workbook

Sheet DATOS DEL PROCESO
C2: EVALUACIÓN DE REQUISITOS FINANCIEROS
B3: NÚMERO DE PROCESO
B4: CME 016-2020
B7: OBJETO | C7: “ESTRUCTURACION INTEGRAL DE SOLUCIONES INDIVIDUALES FOTOVOLTAICAS EN VIVIENDA RURAL DISPERSA DE MUNICIPIOS PDET, EN EL MARCO DE LOS LINEAMIENTOS Y REQUISITOS FIJADOS EN EL ACUERDO ÚNICO No. 045 DE 2017 MODIFICADO POR EL ACUERDO 52 DE 2018 EXPEDIDO POR LA COMISIÓN RECTORA DEL SISTEMA GENERAL DE REGALÍAS Y DEMÁS NORMATIVIDAD VIGENTE”.
B8: POE | C8: 1464753087
B10: REQUISITOS DE CAPACIDAD FINANCIERA Y ORGANIZACIONAL
B11: CAPITAL DE TRABAJO REQUERIDO DE VALOR TOTAL CONTRATO | D11: 30%* POE | E11: DEPENDE DE GRUPOS A LOS QUE SE PRESENTE.
B12: INDICE DE LIQUIDEZ REQUERIDO | D12: ≥ 1.2 | E12: 1.2
B13: NIVEL DE ENDEUDAMIENTO REQUERIDO | D13: ≤ 75% | E13: 0.75
B14: RENTABILIDAD DEL PATRIMONIO | D14: ≥ 2% | E14: 0.02
B15: RENTABILIDAD DEL ACTIVO | D15: ≥ 1% | E15: 0.01
B16: COBERTURA DE INTERESES | D16: ≥ 1.2 | E16: 1.2
B18: RESUMEN DE HABILITACION
B19: OFERENTE | D19: CONDICIÓN
B20: ARDCO SOLUCIONES SAS | D20: CUMPLE
B21: CONSENER SAS | D21: CUMPLE
B22: CONSORCIO ERPF | D22: CUMPLE
B23: HG INGENIERIA CONSTRUCCIONES SAS | D23: CUMPLE
B24: SUNCOLOMBIA | D24: CUMPLE

Sheet ARCO CONSTRUCCIONES SAS
C2: EVALUACIÓN DE REQUISITOS FINANCIEROS
B3: NÚMERO DE PROCESO
B4: CME 016-2020
B7: OBJETO | C7: ='DATOS DEL PROCESO'!C7:E7 -> “ESTRUCTURACION INTEGRAL DE SOLUCIONES INDIVIDUALES FOTOVOLTAICAS EN VIVIENDA RURAL DISPERSA DE MUNICIPIOS PDET, EN EL MARCO DE LOS LINEAMIENTOS Y REQUISITOS FIJADOS EN EL ACUERDO ÚNICO No. 045 DE 2017 MODIFICADO POR EL ACUERDO 52 DE 2018 EXPEDIDO POR LA COMISIÓN RECTORA DEL SISTEMA GENERAL DE REGALÍAS Y DEMÁS NORMATIVIDAD VIGENTE”.
B8: POE | C8: 2840026252
B9: REQUISITOS DE CAPACIDAD FINANCIERA Y ORGANIZACIONAL | D9: OBSERVACIONES
B10: INDICADOR | C10: REQUERIMIENTO
B11: CAPITAL DE TRABAJO REQUERIDO DE VALOR TOTAL CONTRATO | C11: =C8*0.3 -> 8.5200788e+08 | D11: OFERENTE SE PRESENTA A LOS GRUPOS 1 Y 4. SE EVALUA CAPITAL DE TRABAJO SOBRE SUMATORIA DEL VALOR DEL POE DE AMBOS GRUPOS.
B12: INDICE DE LIQUIDEZ REQUERIDO | C12: ='DATOS DEL PROCESO'!E12 -> 1.2
B13: NIVEL DE ENDEUDAMIENTO REQUERIDO | C13: ='DATOS DEL PROCESO'!E13 -> 0.75
B14: RENTABILIDAD DEL PATRIMONIO | C14: ='DATOS DEL PROCESO'!E14 -> 0.02
B15: RENTABILIDAD DEL ACTIVO | C15: ='DATOS DEL PROCESO'!E15 -> 0.01
B16: COBERTURA DE INTERESES | C16: ='DATOS DEL PROCESO'!E16 -> 1.2
B18: EVALUACIÓN
B19: OFERENTE
B20: ARDCO CONSTRUCCIONES SAS
B22: OFERENTE PRURAL | D22: NO
B23: DOCUMENTO REGISTRO UNICO DE PROPONENTES - RUP | D23: SI
B24: VERIFICACION DEL DOCUMENTO RUP
B25: NIT. | D25: 844000433
B26: Clase de persona/sociedad | D26: JURIDICA
B27: Fecha de expedición certificado | D27: 43963
B28: Fecha de Inscripción o renovación | D28: 43592
B29: Corte información financiera | D29: 43465
B30: RUP VIGENTE Y EN FIRME | D30: VIGENTE Y EN FIRME
B31: DATOS FINANCIEROS TOMADOS DE CERTIFICADO RUP
B32: Activo corriente | D32: 1327224711
B33: Activo total | D33: 1535744301
B34: Pasivo corriente | D34: 253053380
B35: Pasivo total | D35: 310831154
B36: Patrimonio | D36: 1224913147
B37: Utilidad Operacional | D37: 432568793
B38: Gasto Intereses | D38: 27749310
B39: CALCULO DEL INDICADOR
B40: Capital de trabajo | D40: =D32-D34 -> 1074171331
B41: Liquidez | D41: =IF(D34=0,"INDETERMINADO",D32/D34) -> 5.2448409
B42: Nivel de Endeudamiento | D42: =D35/D33 -> 0.20239773
B43: Rentabilidad del Patrimonio | D43: =D37/D36 -> 0.35314242
B44: Rentabilidad del Activo | D44: =D37/D33 -> 0.2816672
B45: Cobertura de Intereses | D45: =IF(D38=0,"INDETERMINADO",D37/D38) -> 15.588452
B47: RESULTADOS
B49: Capital de trabajo | D49: =IF(D40>=C11,"CUMPLE","NO CUMPLE") -> CUMPLE
B50: Liquidez | D50: =IF(D41>=C12,"CUMPLE","NO CUMPLE") -> CUMPLE
B51: Nivel de Endeudamiento | D51: =IF(D42<=C13,"CUMPLE","NO CUMPLE") -> CUMPLE
B52: Rentabilidad del Patrimonio | D52: =IF(D43>=C14,"CUMPLE","NO CUMPLE") -> CUMPLE
B53: Rentabilidad del Activo | D53: =IF(D44>=C15,"CUMPLE","NO CUMPLE") -> CUMPLE
B54: Cobertura de Intereses | D54: =IF(D45>=C16,"CUMPLE","NO CUMPLE") -> CUMPLE
B56: LA VALIDACIÓN DE REQUISITOS FINANCIEROS Y ORGANIZACIONALES DEL OFERENTE CONCLUYE EN QUE EL MISMO
B58: =IF(AND(D49="CUMPLE",D50="CUMPLE",D51="CUMPLE",D52="CUMPLE",D53="CUMPLE",D54="CUMPLE"),"CUMPLE","NO CUMPLE") -> CUMPLE
B77: SI
B78: NO

Sheet CONSENER SAS
C2: EVALUACIÓN DE REQUISITOS FINANCIEROS
B3: NÚMERO DE PROCESO
B4: CME 016-2020
B7: OBJETO | C7: ='DATOS DEL PROCESO'!C7:E7 -> “ESTRUCTURACION INTEGRAL DE SOLUCIONES INDIVIDUALES FOTOVOLTAICAS EN VIVIENDA RURAL DISPERSA DE MUNICIPIOS PDET, EN EL MARCO DE LOS LINEAMIENTOS Y REQUISITOS FIJADOS EN EL ACUERDO ÚNICO No. 045 DE 2017 MODIFICADO POR EL ACUERDO 52 DE 2018 EXPEDIDO POR LA COMISIÓN RECTORA DEL SISTEMA GENERAL DE REGALÍAS Y DEMÁS NORMATIVIDAD VIGENTE”.
B8: POE | C8: 1464753087
B9: REQUISITOS DE CAPACIDAD FINANCIERA Y ORGANIZACIONAL | D9: OBSERVACIONES
B10: INDICADOR | C10: REQUERIMIENTO
B11: CAPITAL DE TRABAJO REQUERIDO DE VALOR TOTAL CONTRATO | C11: =C8*0.3 -> 4.3942593e+08 | D11: OFERENTE CUMPLE PARA EL GRUPO 1.
B12: INDICE DE LIQUIDEZ REQUERIDO | C12: ='DATOS DEL PROCESO'!E12 -> 1.2
B13: NIVEL DE ENDEUDAMIENTO REQUERIDO | C13: ='DATOS DEL PROCESO'!E13 -> 0.75
B14: RENTABILIDAD DEL PATRIMONIO | C14: ='DATOS DEL PROCESO'!E14 -> 0.02
B15: RENTABILIDAD DEL ACTIVO | C15: ='DATOS DEL PROCESO'!E15 -> 0.01
B16: COBERTURA DE INTERESES | C16: ='DATOS DEL PROCESO'!E16 -> 1.2
B18: EVALUACIÓN
B19: OFERENTE
B20: CONSENER SAS- CONSTRUCCIONES Y SOLUCIONES ENERGETICAS SAS.
B22: OFERENTE PRURAL | D22: NO
B23: DOCUMENTO REGISTRO UNICO DE PROPONENTES - RUP | D23: SI
B24: VERIFICACION DEL DOCUMENTO RUP
B25: NIT. | D25: 900804048
B26: Clase de persona/sociedad | D26: JURIDICA
B27: Fecha de expedición certificado | D27: 43985
B28: Fecha de Inscripción o renovación | D28: 43619
B29: Corte información financiera | D29: 43465
B30: RUP VIGENTE Y EN FIRME | D30: VIGENTE Y EN FIRME
B31: DATOS FINANCIEROS TOMADOS DE CERTIFICADO RUP
B32: Activo corriente | D32: 1075550091
B33: Activo total | D33: 1100331615
B34: Pasivo corriente | D34: 229065932
B35: Pasivo total | D35: 229065932
B36: Patrimonio | D36: 871265683
B37: Utilidad Operacional | D37: 126226835
B38: Gasto Intereses | D38: 986000
B39: CALCULO DEL INDICADOR
B40: Capital de trabajo | D40: =D32-D34 -> 846484159
B41: Liquidez | D41: =IF(D34=0,"INDETERMINADO",D32/D34) -> 4.6953734
B42: Nivel de Endeudamiento | D42: =D35/D33 -> 0.208179
B43: Rentabilidad del Patrimonio | D43: =D37/D36 -> 0.14487755
B44: Rentabilidad del Activo | D44: =D37/D33 -> 0.11471708
B45: Cobertura de Intereses | D45: =IF(D38=0,"INDETERMINADO",D37/D38) -> 128.0191
B47: RESULTADOS
B49: Capital de trabajo | D49: =IF(D40>=C11,"CUMPLE","NO CUMPLE") -> CUMPLE
B50: Liquidez | D50: =IF(D41>=C12,"CUMPLE","NO CUMPLE") -> CUMPLE
B51: Nivel de Endeudamiento | D51: =IF(D42<=C13,"CUMPLE","NO CUMPLE") -> CUMPLE
B52: Rentabilidad del Patrimonio | D52: =IF(D43>=C14,"CUMPLE","NO CUMPLE") -> CUMPLE
B53: Rentabilidad del Activo | D53: =IF(D44>=C15,"CUMPLE","NO CUMPLE") -> CUMPLE
B54: Cobertura de Intereses | D54: =IF(D45>=C16,"CUMPLE","NO CUMPLE") -> CUMPLE
B56: LA VALIDACIÓN DE REQUISITOS FINANCIEROS Y ORGANIZACIONALES DEL OFERENTE CONCLUYE EN QUE EL MISMO
B58: =IF(AND(D49="CUMPLE",D50="CUMPLE",D51="CUMPLE",D52="CUMPLE",D53="CUMPLE",D54="CUMPLE"),"CUMPLE","NO CUMPLE") -> CUMPLE
B77: SI
B78: NO

Sheet CONSORCIO ERPF
C2: EVALUACIÓN DE REQUISITOS FINANCIEROS
B3: NÚMERO DE PROCESO
B7: OBJETO | C7: ='DATOS DEL PROCESO'!C7:E7 -> “ESTRUCTURACION INTEGRAL DE SOLUCIONES INDIVIDUALES FOTOVOLTAICAS EN VIVIENDA RURAL DISPERSA DE MUNICIPIOS PDET, EN EL MARCO DE LOS LINEAMIENTOS Y REQUISITOS FIJADOS EN EL ACUERDO ÚNICO No. 045 DE 2017 MODIFICADO POR EL ACUERDO 52 DE 2018 EXPEDIDO POR LA COMISIÓN RECTORA DEL SISTEMA GENERAL DE REGALÍAS Y DEMÁS NORMATIVIDAD VIGENTE”.
B8: POE | C8: 4187724986
B9: REQUISITOS DE CAPACIDAD FINANCIERA Y ORGANIZACIONAL | D9: OBSERVACIONES
B10: INDICADOR | C10: REQUERIMIENTO
B11: CAPITAL DE TRABAJO REQUERIDO DE VALOR TOTAL CONTRATO | C11: =C8*0.3 -> 1.2563175e+09 | D11: CONSORCIO SE PRESENTA A LOS GRUPOS 2 Y 3. SE EVALUA CAPITAL DE TRABAJO SOBRE LA SUMA DE AMBOS GRUPOS.
B12: INDICE DE LIQUIDEZ REQUERIDO | C12: ='DATOS DEL PROCESO'!E12 -> 1.2
B13: NIVEL DE ENDEUDAMIENTO REQUERIDO | C13: ='DATOS DEL PROCESO'!E13 -> 0.75
B14: RENTABILIDAD DEL PATRIMONIO | C14: ='DATOS DEL PROCESO'!E14 -> 0.02
B15: RENTABILIDAD DEL ACTIVO | C15: ='DATOS DEL PROCESO'!E15 -> 0.01
B16: COBERTURA DE INTERESES | C16: ='DATOS DEL PROCESO'!E16 -> 1.2
B18: EVALUACIÓN
B19: OFERENTE
B20: OFERENTE | D20: CONSORCIO ERPF
B21: INTEGRANTES | D21: DICOMO SERVICIOS INTEGRALES DE INGENIERIA SAS | E21: ELECTRICAS GB LTDA. | F21: ARCITEC INNOVA
B22: OFERENTE PRURAL | D22: SI
B23: PORCENTAJE DE PARTICIPACION | D23: 0.51 | E23: 0.29 | F23: 0.2
B24: DOCUMENTO REGISTRO UNICO DE PROPONENTES - RUP | D24: SI | E24: SI | F24: SI
B25: VERIFICACION DEL DOCUMENTO RUP
B26: NIT. | D26: 900302940 | E26: 819002304 | F26: 900766495
B27: Clase de persona/sociedad | D27: JURIDICA | E27: JURIDICA | F27: JURIDICA
B28: Fecha de expedición certificado | D28: 43992 | E28: 43992 | F28: 43992
B29: Fecha de Inscripción o renovación | D29: 43572 | E29: 43603 | F29: 43577
B30: Corte información financiera | D30: 43465 | E30: 43465 | F30: 43465
B31: RUP VIGENTE Y EN FIRME | D31: VIGENTE Y EN FIRME | E31: VIGENTE Y EN FIRME | F31: VIGENTE Y EN FIRME
B32: DATOS FINANCIEROS TOMADOS DE CERTIFICADO RUP
B33: Activo corriente | D33: 1141796000 | E33: 1123079816 | F33: 115271000
B34: Activo total | D34: 1995485000 | E34: 1141479582 | F34: 129071000
B35: Pasivo corriente | D35: 100000000 | E35: 482110342 | F35: 500000
B36: Pasivo total | D36: 748565000 | E36: 482110342 | F36: 500000
B37: Patrimonio | D37: 1222940000 | E37: 659369240 | F37: 128571000
B38: Utilidad Operacional | D38: 516690000 | E38: 260911417 | F38: 201079000
B39: Gasto Intereses | D39: 0 | E39: 1830700 | F39: 105000
B40: CALCULO DEL INDICADOR POR INTEGRANTE
B41: Capital de trabajo | D41: =D33-D35 -> 1041796000 | E41: =E33-E35 -> 640969474 | F41: =F33-F35 -> 114771000
B42: Liquidez | D42: =IF(D35=0,"INDETERMINADO",D33/D35) -> 11.41796 | E42: =IF(E35=0,"INDETERMINADO",E33/E35) -> 2.3295078 | F42: =IF(F35=0,"INDETERMINADO",F33/F35) -> 230.542
B43: Nivel de Endeudamiento | D43: =D36/D34 -> 0.37512935 | E43: =E36/E34 -> 0.42235564 | F43: =F36/F34 -> 0.0038738369
B44: Rentabilidad del Patrimonio | D44: =D38/D37 -> 0.42249824 | E44: =E38/E37 -> 0.3956985 | F44: =F38/F37 -> 1.563953
B45: Rentabilidad del Activo | D45: =D38/D34 -> 0.25892953 | E45: =E38/E34 -> 0.228573 | F45: =F38/F34 -> 1.5578945
B46: Cobertura de Intereses | D46: =IF(D39=0,"INDETERMINADO",D38/D39) -> INDETERMINADO | E46: =IF(E39=0,"INDETERMINADO",E38/E39) -> 142.52003 | F46: =IF(F39=0,"INDETERMINADO",F38/F39) -> 1915.0381
B47: CALCULO DEL INDICADOR PONDERADO*
B48: Capital de trabajo | D48: =(D33-D35)+(F33-F35)+(E33-E35) -> 1797536474
B49: Liquidez | D49: =IF(OR(D35=0,F35=0,E35=0),"INDETERMINADO",((D33*D23)+(F33*F23)+(E33*E23))/((D35*D23)+(F35*F23)+(E35*E23))) -> 4.876924
B50: Nivel de Endeudamiento | D50: =((D36*D23)+(F36*F23)+(E36*E23))/((D34*D23)+(F34*F23)+(E34*E23)) -> 0.37953054
B51: Rentabilidad del Patrimonio | D51: =((D38*D23)+(F38*F23)+(E38*E23))/((D37*D23)+(F37*F23)+(E37*E23)) -> 0.4513183
B52: Rentabilidad del Activo | D52: =((D38*D23)+(F38*F23)+(E38*E23))/((D34*D23)+(F34*F23)+(E34*E23)) -> 0.27601368
B53: Cobertura de Intereses | D53: =IF(OR(D39=0,F39=0,E39=0),"INDETERMINADO",((D38*D23)+(F38*F23)+(E38*E23))/((D39*D23)+(F39*F23)+(E39*E23))) -> INDETERMINADO
B55: RESULTADOS
B57: Capital de trabajo | D57: =IF(D48>=C11,"CUMPLE","NO CUMPLE") -> CUMPLE
B58: Liquidez | D58: =IF(D49>=C12,"CUMPLE","NO CUMPLE") -> CUMPLE
B59: Nivel de Endeudamiento | D59: =IF(D50<=C13,"CUMPLE","NO CUMPLE") -> CUMPLE
B60: Rentabilidad del Patrimonio | D60: =IF(D51>=C14,"CUMPLE","NO CUMPLE") -> CUMPLE
B61: Rentabilidad del Activo | D61: =IF(D52>=C15,"CUMPLE","NO CUMPLE") -> CUMPLE
B62: Cobertura de Intereses | D62: =IF(D53>=C16,"CUMPLE","NO CUMPLE") -> CUMPLE
B63: * EL CALCULO PONDERADO PARA OFERENTE PLURAL ES SOBRE EL PORCENTAJE DE PARTICIPACION DE SUS INTEGRANTES, A EXCEPCION DEL CAPITAL DE TRABAJO EL CUAL SE CALCULA POR SUMATORIA SIMPLE.
B66: LA VALIDACIÓN DE REQUISITOS FINANCIEROS Y ORGANIZACIONALES DEL OFERENTE CONCLUYE EN QUE EL MISMO
B68: CUMPLE
B85: SI
B86: NO

Sheet HG CONST
C2: EVALUACIÓN DE REQUISITOS FINANCIEROS
B3: NÚMERO DE PROCESO
B7: OBJETO | C7: ='DATOS DEL PROCESO'!C7:E7 -> “ESTRUCTURACION INTEGRAL DE SOLUCIONES INDIVIDUALES FOTOVOLTAICAS EN VIVIENDA RURAL DISPERSA DE MUNICIPIOS PDET, EN EL MARCO DE LOS LINEAMIENTOS Y REQUISITOS FIJADOS EN EL ACUERDO ÚNICO No. 045 DE 2017 MODIFICADO POR EL ACUERDO 52 DE 2018 EXPEDIDO POR LA COMISIÓN RECTORA DEL SISTEMA GENERAL DE REGALÍAS Y DEMÁS NORMATIVIDAD VIGENTE”.
B8: POE | C8: 3289163047
B9: REQUISITOS DE CAPACIDAD FINANCIERA Y ORGANIZACIONAL | D9: OBSERVACIONES
B10: INDICADOR | C10: REQUERIMIENTO
B11: CAPITAL DE TRABAJO REQUERIDO DE VALOR TOTAL CONTRATO | C11: =C8*0.3 -> 9.8674891e+08 | D11: OFERENTE SE PRESENTA A GRUPOS 3 Y 4.SE CALCULA CAPITAL DE TRABAJO SOBRE LA SUMA DE AMBOS POE.
B12: INDICE DE LIQUIDEZ REQUERIDO | C12: ='DATOS DEL PROCESO'!E12 -> 1.2
B13: NIVEL DE ENDEUDAMIENTO REQUERIDO | C13: ='DATOS DEL PROCESO'!E13 -> 0.75
B14: RENTABILIDAD DEL PATRIMONIO | C14: ='DATOS DEL PROCESO'!E14 -> 0.02
B15: RENTABILIDAD DEL ACTIVO | C15: ='DATOS DEL PROCESO'!E15 -> 0.01
B16: COBERTURA DE INTERESES | C16: ='DATOS DEL PROCESO'!E16 -> 1.2
B18: EVALUACIÓN
B19: OFERENTE
B20: HG INGENIERIA Y CONSTRUCCIONES SAS
B22: OFERENTE PRURAL | D22: NO
B23: DOCUMENTO REGISTRO UNICO DE PROPONENTES - RUP | D23: SI
B24: VERIFICACION DEL DOCUMENTO RUP
B25: NIT. | D25: 900694164
B26: Clase de persona/sociedad | D26: JURIDICA
B27: Fecha de expedición certificado | D27: 43985
B28: Fecha de Inscripción o renovación | D28: 43560
B29: Corte información financiera | D29: 43465
B30: RUP VIGENTE Y EN FIRME | D30: VIGENTE Y EN FIRME
B31: DATOS FINANCIEROS TOMADOS DE CERTIFICADO RUP
B32: Activo corriente | D32: 7953919686
B33: Activo total | D33: 9855465090
B34: Pasivo corriente | D34: 1579266953
B35: Pasivo total | D35: 3648347333
B36: Patrimonio | D36: 6207117757
B37: Utilidad Operacional | D37: 5592524283
B38: Gasto Intereses | D38: 195878493
B39: CALCULO DEL INDICADOR
B40: Capital de trabajo | D40: =D32-D34 -> 6374652733
B41: Liquidez | D41: =IF(D34=0,"INDETERMINADO",D32/D34) -> 5.0364631
B42: Nivel de Endeudamiento | D42: =D35/D33 -> 0.3701852
B43: Rentabilidad del Patrimonio | D43: =D37/D36 -> 0.90098569
B44: Rentabilidad del Activo | D44: =D37/D33 -> 0.56745412
B45: Cobertura de Intereses | D45: =IF(D38=0,"INDETERMINADO",D37/D38) -> 28.550987
B47: RESULTADOS
B49: Capital de trabajo | D49: =IF(D40>=C11,"CUMPLE","NO CUMPLE") -> CUMPLE
B50: Liquidez | D50: =IF(D41>=C12,"CUMPLE","NO CUMPLE") -> CUMPLE
B51: Nivel de Endeudamiento | D51: =IF(D42<=C13,"CUMPLE","NO CUMPLE") -> CUMPLE
B52: Rentabilidad del Patrimonio | D52: =IF(D43>=C14,"CUMPLE","NO CUMPLE") -> CUMPLE
B53: Rentabilidad del Activo | D53: =IF(D44>=C15,"CUMPLE","NO CUMPLE") -> CUMPLE
B54: Cobertura de Intereses | D54: =IF(D45>=C16,"CUMPLE","NO CUMPLE") -> CUMPLE
B56: LA VALIDACIÓN DE REQUISITOS FINANCIEROS Y ORGANIZACIONALES DEL OFERENTE CONCLUYE EN QUE EL MISMO
B58: =IF(AND(D49="CUMPLE",D50="CUMPLE",D51="CUMPLE",D52="CUMPLE",D53="CUMPLE",D54="CUMPLE"),"CUMPLE","NO CUMPLE") -> CUMPLE
B77: SI
B78: NO

Sheet SUNCOLOMBIA SAS
C2: EVALUACIÓN DE REQUISITOS FINANCIEROS
B3: NÚMERO DE PROCESO
B7: OBJETO | C7: ='DATOS DEL PROCESO'!C7:E7 -> “ESTRUCTURACION INTEGRAL DE SOLUCIONES INDIVIDUALES FOTOVOLTAICAS EN VIVIENDA RURAL DISPERSA DE MUNICIPIOS PDET, EN EL MARCO DE LOS LINEAMIENTOS Y REQUISITOS FIJADOS EN EL ACUERDO ÚNICO No. 045 DE 2017 MODIFICADO POR EL ACUERDO 52 DE 2018 EXPEDIDO POR LA COMISIÓN RECTORA DEL SISTEMA GENERAL DE REGALÍAS Y DEMÁS NORMATIVIDAD VIGENTE”.
B8: POE | C8: 7027751238
B9: REQUISITOS DE CAPACIDAD FINANCIERA Y ORGANIZACIONAL | D9: OBSERVACIONES
B10: INDICADOR | C10: REQUERIMIENTO
B11: CAPITAL DE TRABAJO REQUERIDO DE VALOR TOTAL CONTRATO | C11: =C8*0.3 -> 2.1083254e+09 | D11: EL OFERENTE SE PRESENTA A TODOS LOS GRUPOS.SE CALCULA CAPITAL DE TRABAJO SOBRE LA SIMA DEL POE DE TODOS LOS GRUPOS.
B12: INDICE DE LIQUIDEZ REQUERIDO | C12: ='DATOS DEL PROCESO'!E12 -> 1.2
B13: NIVEL DE ENDEUDAMIENTO REQUERIDO | C13: ='DATOS DEL PROCESO'!E13 -> 0.75
B14: RENTABILIDAD DEL PATRIMONIO | C14: ='DATOS DEL PROCESO'!E14 -> 0.02
B15: RENTABILIDAD DEL ACTIVO | C15: ='DATOS DEL PROCESO'!E15 -> 0.01
B16: COBERTURA DE INTERESES | C16: ='DATOS DEL PROCESO'!E16 -> 1.2
B18: EVALUACIÓN
B19: OFERENTE
B20: SUNCOLOMBIA SAS
B22: OFERENTE PRURAL | D22: NO
B23: DOCUMENTO REGISTRO UNICO DE PROPONENTES - RUP | D23: SI
B24: VERIFICACION DEL DOCUMENTO RUP
B25: NIT. | D25: 900538988
B26: Clase de persona/sociedad | D26: JURIDICA
B27: Fecha de expedición certificado | D27: 43983
B28: Fecha de Inscripción o renovación | D28: 43910
B29: Corte información financiera | D29: 43830
B30: RUP VIGENTE Y EN FIRME | D30: VIGENTE Y EN FIRME
B31: DATOS FINANCIEROS TOMADOS DE CERTIFICADO RUP
B32: Activo corriente | D32: 27404014193
B33: Activo total | D33: 28099636405
B34: Pasivo corriente | D34: 13423669319
B35: Pasivo total | D35: 14274303752
B36: Patrimonio | D36: 13825332653
B37: Utilidad Operacional | D37: 1062158056
B38: Gasto Intereses | D38: 456450673
B39: CALCULO DEL INDICADOR
B40: Capital de trabajo | D40: =D32-D34 -> 13980344874
B41: Liquidez | D41: =IF(D34=0,"INDETERMINADO",D32/D34) -> 2.0414697
B42: Nivel de Endeudamiento | D42: =D35/D33 -> 0.50798891
B43: Rentabilidad del Patrimonio | D43: =D37/D36 -> 0.076826944
B44: Rentabilidad del Activo | D44: =D37/D33 -> 0.037799708
B45: Cobertura de Intereses | D45: =IF(D38=0,"INDETERMINADO",D37/D38) -> 2.3269942
B47: RESULTADOS
B49: Capital de trabajo | D49: =IF(D40>=C11,"CUMPLE","NO CUMPLE") -> CUMPLE
B50: Liquidez | D50: =IF(D41>=C12,"CUMPLE","NO CUMPLE") -> CUMPLE
B51: Nivel de Endeudamiento | D51: =IF(D42<=C13,"CUMPLE","NO CUMPLE") -> CUMPLE
B52: Rentabilidad del Patrimonio | D52: =IF(D43>=C14,"CUMPLE","NO CUMPLE") -> CUMPLE
B53: Rentabilidad del Activo | D53: =IF(D44>=C15,"CUMPLE","NO CUMPLE") -> CUMPLE
B54: Cobertura de Intereses | D54: =IF(D45>=C16,"CUMPLE","NO CUMPLE") -> CUMPLE
B56: LA VALIDACIÓN DE REQUISITOS FINANCIEROS Y ORGANIZACIONALES DEL OFERENTE CONCLUYE EN QUE EL MISMO
B58: =IF(AND(D49="CUMPLE",D50="CUMPLE",D51="CUMPLE",D52="CUMPLE",D53="CUMPLE",D54="CUMPLE"),"CUMPLE","NO CUMPLE") -> CUMPLE
B77: SI
B78: NO
